 Dungeon Crawl Stone Soup version 0.28.0-47-ge53b351184 (webtiles) character file.

Game seed: 10312261560421863404

634 101zpm the Magician (level 7, -14/45 HPs)
             Began as a Djinni Fire Elementalist on May 5, 2022.
             Killed from afar by a white imp (16 damage)
             ... with a puff of frost
             ... on level 4 of the Dungeon.
             The game lasted 00:05:46 (3319 turns).

101zpm the Magician (Djinni Fire Elementalist)      Turns: 3319, Time: 00:05:47

Health: -14/45     AC:  2    Str:  7    XL:     7   Next: 78%
Gold:   81         EV: 12    Int: 19    God:
                   SH:  0    Dex: 13

rFire   + + +      SeeInvis .   h - staff of fire
rCold   x . .      Faith    .   (no shield)
rNeg    . . .      Spirit   .   a - +0 robe
rPois   ∞          Reflect  .   (no helmet)
rElec   .          Harm     .   (no cloak)
rCorr   .          Rampage  .   (no gloves)
Will    .....                   (boots unavailable)
Stlth   ++........              (no amulet)
HPRegen 0.15/turn               (no ring)
MPRegen 0.00/turn               (no ring)

@: flying
A: sickness immunity, fire resistance 2, cold vulnerability 1, float, innate
caster, HP casting, extra vitality 1
a: no special abilities


You were on level 4 of the Dungeon.
You visited 1 branch of the dungeon, and saw 4 of its levels.

You collected 81 gold pieces.

Inventory:

Armour
 a - a +0 robe (worn)
Magical Staves
 h - a staff of fire (weapon)
Jewellery
 g - a ring of protection from cold
 k - a +6 ring of strength
Scrolls
 b - a scroll of torment {unknown}
 c - a scroll of silence {unknown}
 f - 2 scrolls of fear {unknown}
 i - 2 scrolls of identify {unknown}
 j - a scroll of enchant weapon {unknown}
Potions
 d - 2 potions of curing {unknown}
 e - a potion of attraction {unknown}


   Skills:
 + Level 2.9 Dodging
 + Level 2.9 Stealth
 + Level 6.0 Spellcasting


You couldn't memorise any spells.
You knew the following spells:

 Your Spells              Type           Power      Damage    Failure   Level
a - Foxfire               Conj/Fire      100%       2x1d9     1%          1
b - Scorch                Fire           84%        2d9       1%          2
c - Conjure Flame         Conj/Fire      42%        6-21      2%          3
d - Inner Flame           Hex/Fire       42%        N/A       2%          3
e - Flame Wave            Conj/Fire      42%        2d9       10%         4
f - Animate Skeleton      Necr           56%        N/A       1%          1
g - Passwall              Tmut/Erth      23%        N/A       1%          2
h - Mephitic Cloud        Conj/Pois/Air  28%        N/A       2%          3
Your spell library was empty.

Dungeon Overview and Level Annotations

Branches:
Dungeon (4/15)
 Temple: D:4-7

Altars:

Annotations:
D:3 1 runed translucent door, Crazy Yiuf


Innate Abilities, Weirdness & Mutations

You are immune to sickness and miasma.
You are immune to poison.
Your flesh is very heat resistant. (rF++)
You are vulnerable to cold. (rC-)
You float through the air rather than walking.
You learn spells naturally, not from books.
Your magical power is your life essence.
You have superior vitality. (+4 MHP)


Message History

You feel a surge of power!
The hound is filled with an inner flame.
The foxfire hits the hound.
Flame seeps out of the hound.
The hound is lightly wounded.
The foxfire hits the hound!
Flame seeps out of the hound.
The hound is severely wounded.
The white imp gestures at you. The puff of frost hits you!
You feel a terrible chill!
The hound is engulfed in blazing flames.
The hound explodes!
The fiery explosion engulfs the ball python!!
You kill the ball python!
You hear a shout! x4
Your Spellcasting skill increases to level 6!
You are too injured to fight recklessly!
Casting: Foxfire (safe; 1% risk of failure)
Press: ? - help, Q - select action, (/) - cycle Dir - look around, f - activate You feel a surge of power!
You conjure some foxfire!
* * * LOW HITPOINT WARNING * * *
The white imp gestures at you. The puff of frost hits you!
You feel a terrible chill!
* * * LOW HITPOINT WARNING * * *
The foxfire hits the endoplasm.
The endoplasm is moderately wounded.
The foxfire hits the endoplasm.
The endoplasm is heavily wounded.
A kobold comes into view. It is wielding a +0 club.
The endoplasm is engulfed in blazing flames.
You kill the endoplasm!
A hound comes into view.
Found a red potion.
The hound barks!
As you open the large door, it creaks loudly!
A quokka comes into view.
There is a large open door here.
A kobold comes into view. It is wielding a +0 short sword.
The kobold shouts!
The white imp gestures at you. The puff of frost hits you!
You feel a terrible chill!
You die...

#....... .......
...>?5. . ...K..#
##.# ########
......##...#
#...@..##.. .....#
#.♣.♣♣.#.#####..###
♣.8..'.#..5.<...#
+..8.♣r'5#........#
#.♣♣.♣.#.h...........
#. ....#.............
# ######.K..☼........
...............
#...#..........#


You could see a hound and a white imp.

Vanquished Creatures
  Grinder (D:3)
  Sigmund (D:3)
  A hound (D:4)
  An orc priest (D:3)
  Natasha (thrice) (D:2)
  An orc wizard (D:3)
  A hound skeleton (D:3)
  4 adders
  A worm (D:2)
  4 dart slugs
  7 orcs (D:3)
  3 ball pythons
  2 bats
  7 endoplasms
  A giant cockroach (D:1)
  5 goblins
  5 hobgoblins
  3 kobolds
  2 quokkas
  3 frilled lizards
  2 rats (D:2)
58 creatures vanquished.

Vanquished Creatures (others)
  262 foxfires
262 creatures vanquished.

Grand Total: 320 creatures vanquished

Notes
Turn   | Place    | Note
-------+----------+-------------------------------------------
     0 | D:1      | 101zpm the Djinni Fire Elementalist began the quest for the
                  | Orb.
     0 | D:1      | Reached XP level 1. HP: 15/15 MP: 0/0
   230 | D:2      | Reached XP level 2. HP: 18/21 MP: 0/0
   620 | D:2      | Noticed Natasha
   624 | D:2      | Killed Natasha
   625 | D:2      | Reached skill level 3 in Spellcasting
   625 | D:2      | Reached XP level 3. HP: 20/25 MP: 0/0
   625 | D:2      | Learned a level 1 spell: Animate Skeleton
   717 | D:2      | Noticed Natasha
   720 | D:2      | Killed Natasha
   721 | D:2      | Reached XP level 4. HP: 26/31 MP: 0/0
   940 | D:2      | Noticed Natasha
   943 | D:2      | Killed Natasha
  1027 | D:2      | Reached XP level 5. HP: 31/35 MP: 0/0
  1027 | D:2      | Learned a level 2 spell: Passwall
  1519 | D:3      | Reached skill level 4 in Spellcasting
  1803 | D:3      | Noticed Sigmund
  1811 | D:3      | Killed Sigmund
  1812 | D:3      | Reached XP level 6. HP: 29/40 MP: 0/0
  1926 | D:3      | Reached skill level 5 in Spellcasting
  2488 | D:3      | Reached XP level 7. HP: 2/45 MP: 0/0
  2488 | D:3      | Learned a level 3 spell: Mephitic Cloud
  2963 | D:3      | Found a runed translucent door.
  2968 | D:3      | Noticed Crazy Yiuf
  3084 | D:3      | Noticed Grinder
  3087 | D:3      | Killed Grinder
  3307 | D:4      | Reached skill level 6 in Spellcasting
  3307 | D:4      | HP: 1/45 [white imp/puff of frost (13)]
  3319 | D:4      | Killed from afar by a white imp

Illustrated notes

Levels and vault maps discovered:
D:1:      minmay_arrival_plants_in_alcoves, layout_basic,
          ebering_ecumenical_altar_abandoned
D:2:      layout_basic, uniq_natasha
D:3:      layout_loops_cross, serial_bayou_pond_d, uniq_crazy_yiuf_cottage,
          uniq_sigmund, uniq_grinder
D:4:      layout_rooms, serial_shops, nicolae_shop_window_shopping,
          dk_noncrumbling_3, kennysheep_generic_room_12

Skill      XL: |  1  2  3  4  5  6  7 |
---------------+----------------------+-----
Spellcasting   | 3 4 5 6 |  6.0
Stealth        | 2 |  2.9
Dodging        | |  2.9

Action                   |  1- 3 |  4- 6 |  7- 9 || total
-------------------------+-------+-------+-------++-------
 Cast: Foxfire           |    39 |   102 |    25 ||   166
       Scorch            |       |     6 |     2 ||     8
       Inner Flame       |       |    13 |     6 ||    19
Dodge: Dodged            |       |     7 |       ||     7
